[Event "Titled Tuesday Blitz April 18 Early 2023"]
[White "Jumanov, Elbek"]
[Black "Novikova, Galina"]
[WhiteFideId "14202905"]
[BlackFideId "4157095"]
[WhiteElo "2055"]
[BlackElo "1953"]
[Result "0-1"]
[Round "11"]
[TimeControl "180+2"]
[Date "2023.04.18"]
[WhiteClock "0:00:19"]
[BlackClock "0:00:59"]

1. c4 e6 2. Nf3 f5 3. Nc3 Nf6 4. Rb1 Be7 5. g3 d6 6. Bg2 e5 7. d3 O-O 8. O-O Qe8 9. b4 Qh5 10. b5 f4 11. Qb3 Kh8 12. Ne4 Nxe4 13. dxe4 Bh3 14. Bb2 Nd7 15. Ba3 Nf6 16. c5 Bxg2 17. Kxg2 Nxe4 18. cxd6 cxd6 19. Qd5 Nc3 20. Qxb7 Nxb1 21. Rxb1 Rae8 22. h3 fxg3 23. fxg3 e4 24. Ng1 Qf5 25. Qxa7 e3 26. Qxe3 Qxb1 27. Nf3 Qxb5 28. Nd4 Qb7+ 29. Kh2 Bf6 30. Ne6 Qe7 0-1


[Site "https://www.chess.com"]

[Event "Titled Tuesday Blitz April 18 Early 2023"]
[White "Lorenzo De La Riva, Lazaro"]
[Black "ibove"]
[WhiteFideId "2268809"]
[WhiteElo "2294"]
[BlackElo "2343"]
[Result "0-1"]
[Round "11"]
[TimeControl "180+2"]
[Date "2023.04.18"]
[WhiteClock "0:00:26"]
[BlackClock "0:00:21"]

1. d4 Nf6 2. Bf4 g6 3. Nc3 Bg7 4. e4 d6 5. Qd2 O-O 6. h4 h5 7. Nf3 a6 8. O-O-O b5 9. e5 Ng4 10. Ne4 Bb7 11. Bd3 Nc6 12. e6 f5 13. Neg5 Nxd4 14. Nxd4 Bxd4 15. Bxf5 Bxb2+ 16. Kxb2 Rxf5 17. f3 Nf6 18. Qd3 c5 19. g4 c4 20. Qd4 Rd5 21. Qe3 c3+ 22. Ka1 Qa5 23. Ne4 b4 24. Nxf6+ exf6 25. e7 Kf7 26. Rhe1 Rxd1+ 27. Rxd1 Qa3 28. Rb1 Bd5 29. Rb3 Bxb3 0-1


[Site "https://www.chess.com"]

[Event "Titled Tuesday Blitz April 18 Early 2023"]
[White "Kyaw Lay Htaik"]
[Black "Jaskolka, Tomasz"]
[WhiteFideId "13002007"]
[BlackFideId "1170791"]
[WhiteElo "2261"]
[BlackElo "2155"]
[Result "0-1"]
[Round "11"]
[TimeControl "180+2"]
[Date "2023.04.18"]
[WhiteClock "0:00:01"]
[BlackClock "0:00:03"]

1. d4 d5 2. Nf3 Nc6 3. Bf4 f6 4. c4 e6 5. Nc3 Bb4 6. Qb3 Bxc3+ 7. Qxc3 Nge7 8. e3 O-O 9. Bd3 dxc4 10. Bxc4 Nd5 11. Bxd5 exd5 12. O-O Bg4 13. Nd2 Rc8 14. Rac1 Ne7 15. Qa3 Qd7 16. Qxa7 Ra8 17. Qxb7 Rfb8 18. Qxc7 Rxb2 19. Qxd7 Bxd7 20. Rc7 Rxd2 21. Rxd7 Ng6 22. Bg3 Ra5 23. h4 Rdxa2 24. Rc1 Ra1 25. Rxa1 Rxa1+ 26. Kh2 Ra5 27. h5 Nf8 28. Rd8 Kf7 29. Bd6 Ne6 30. Rd7+ Kg8 31. Re7 Ng5 32. f4 Ne4 33. Bb4 Ra8 34. Rd7 Rb8 35. Bc5 f5 36. Rxd5 Nf6 37. Rxf5 Ng4+ 38. Kg3 Nxe3 39. Re5 Rb3 40. Re8+ Kf7 41. Rf8+ Ke6 42. Kf2 Ng4+ 43. Ke2 Kd5 44. Rf7 Ke4 45. Rxg7 Rb2+ 46. Kd1 Ne3+ 47. Kc1 Rc2+ 48. Kb1 Rd2 49. Rxh7 Kd3 50. Rb7 Rxg2 51. h6 Rh2 52. h7 Nd5 53. f5 Nc3+ 54. Kc1 Rc2# 0-1


[Site "https://www.chess.com"]

[Event "Titled Tuesday Blitz April 18 Early 2023"]
[White "Toncheva, Nadya"]
[Black "Gheorghiu, Calin"]
[WhiteFideId "2924056"]
[BlackFideId "1200305"]
[WhiteElo "2101"]
[BlackElo "2223"]
[Result "1-0"]
[Round "11"]
[TimeControl "180+2"]
[Date "2023.04.18"]
[WhiteClock "0:00:27"]
[BlackClock "0:00:03"]

1. e4 e6 2. d4 d5 3. Nd2 c5 4. exd5 Qxd5 5. Ngf3 cxd4 6. Bc4 Qd6 7. O-O Nf6 8. Nb3 Nc6 9. Nbxd4 Nxd4 10. Qxd4 Bd7 11. Bf4 Qxd4 12. Nxd4 a6 13. a4 Bc5 14. Nb3 Be7 15. Be2 Nd5 16. Be5 f6 17. Bg3 h5 18. h3 h4 19. Bh2 O-O 20. Bf3 Rac8 21. Rfc1 b6 22. c4 Nb4 23. Bb7 Rce8 24. a5 b5 25. cxb5 Bxb5 26. Nd4 Bd7 27. Rc7 Rd8 28. Nxe6 Bxe6 29. Rxe7 Bd5 30. Bxd5+ Rxd5 31. Bf4 Nd3 32. Be3 Nxb2 33. Ra7 Rc8 34. Rxa6 Nd1 35. Re6 Ra8 36. a6 Nxe3 37. fxe3 Rd7 38. Ra4 Rda7 39. Kf2 Kf7 40. Rb6 Ke7 41. Kf3 Kf7 42. Kg4 g5 43. Kf5 Ke7 44. Re6+ Kd7 45. Rxf6 Kc7 46. Rc4+ Kd7 47. Rd4+ Kc7 48. Kxg5 Rg8+ 49. Kxh4 Rxg2 50. Rf7+ Kb6 51. Rb4+ Ka5 52. Rxa7 Kxb4 53. Rb7+ Kc5 54. a7 Ra2 55. Kg4 1-0


[Site "https://www.chess.com"]

[Event "Titled Tuesday Blitz April 18 Early 2023"]
[White "Coenen, Michael"]
[Black "Blokhin, Sofia"]
[WhiteFideId "4697367"]
[BlackFideId "4508190"]
[WhiteElo "2328"]
[BlackElo "1994"]
[Result "1-0"]
[Round "11"]
[TimeControl "180+2"]
[Date "2023.04.18"]
[WhiteClock "0:02:49"]
[BlackClock "0:02:25"]

1. e4 c5 2. Nf3 e6 3. g3 Nc6 4. Bg2 d5 5. exd5 exd5 6. d4 c4 7. O-O g6 8. b3 b5 9. a4 bxa4 10. bxc4 Be6 11. cxd5 Bxd5 12. Nc3 Bg7 13. Nxd5 Qxd5 14. Ne5 Qxd4 15. Bxc6+ 1-0


[Site "https://www.chess.com"]

[Event "Titled Tuesday Blitz April 18 Early 2023"]
[White "Fernandez Siles, Luis"]
[Black "Skliarov, Viktor"]
[WhiteFideId "2209420"]
[BlackFideId "14106736"]
[WhiteElo "2195"]
[BlackElo "2317"]
[Result "1-0"]
[Round "11"]
[TimeControl "180+2"]
[Date "2023.04.18"]
[WhiteClock "0:00:40"]
[BlackClock "0:00:04"]

1. e4 c5 2. Nf3 Nc6 3. d4 cxd4 4. Nxd4 Nf6 5. Nc3 e5 6. Ndb5 d6 7. Nd5 Nxd5 8. exd5 Nb8 9. c4 Be7 10. Bd3 a6 11. Nc3 O-O 12. O-O f5 13. f3 Nd7 14. Kh1 b6 15. Be3 Ra7 16. b4 Rc7 17. Qb3 Bg5 18. Bg1 Qf6 19. Na4 Rb7 20. Qc2 e4 21. fxe4 f4 22. e5 Nxe5 23. Bxh7+ Kh8 24. Be4 b5 25. cxb5 axb5 26. Nc3 Bg4 27. Bd4 Qh6 28. Bxe5 dxe5 29. Bf3 Bf5 30. Qe2 Bf6 31. Ne4 Rd8 32. Rfd1 Rbd7 33. Rac1 Bh4 34. Bg4 Bg3 35. h3 Bxg4 36. Qxg4 Re7 37. Nxg3 fxg3 38. Qxg3 e4 39. Rc7 Rxc7 40. Qxc7 Rd6 41. Qc8+ Kh7 42. Qf5+ Qg6 43. Qxg6+ Kxg6 44. g4 Kg5 45. Kg2 Kf4 46. Kf2 Ke5 47. Ke3 Rh6 48. d6 Rxh3+ 49. Kf2 Rh8 50. d7 Rd8 51. Ke3 g5 52. Rd2 Ke6 53. Kxe4 Rxd7 54. Rxd7 Kxd7 55. Kf5 1-0


[Site "https://www.chess.com"]

[Event "Titled Tuesday Blitz April 18 Early 2023"]
[White "Kopczynski, Michal"]
[Black "Shevtchenko, Olesya"]
[WhiteFideId "1124200"]
[BlackFideId "24131890"]
[WhiteElo "2212"]
[BlackElo "2003"]
[Result "0-1"]
[Round "11"]
[TimeControl "180+2"]
[Date "2023.04.18"]
[WhiteClock "0:00:11"]
[BlackClock "0:00:58"]

1. e4 c5 2. d4 cxd4 3. c3 d5 4. exd5 Qxd5 5. cxd4 e5 6. Nc3 Bb4 7. dxe5 Qxe5+ 8. Be2 Bg4 9. f3 Bf5 10. f4 Bxc3+ 11. bxc3 Qxc3+ 12. Bd2 Qc2 13. Qxc2 Bxc2 14. Rc1 Bf5 15. Bf3 Nd7 16. g4 Be6 17. f5 Bxa2 18. Bxb7 Rb8 19. Bc6 Ne7 20. Ba4 Bd5 21. Rc7 Rd8 22. Nf3 Bxf3 23. Rf1 Bxg4 24. Ba5 Bxf5 25. Rxa7 O-O 26. Bxd8 Rxd8 27. Rxf5 Nxf5 28. Bxd7 Nd6 29. Ke2 g6 30. Ke3 Nc4+ 31. Kf4 Nb6 32. Bc6 Kg7 33. Rb7 Nd5+ 34. Ke5 Nf6 35. h4 h5 36. Ba4 Ng4+ 37. Ke4 Rd6 38. Bb3 Rf6 39. Ra7 Nh2 40. Bd1 Nf1 41. Bb3 Ng3+ 42. Ke5 Nf5 43. Bc2 Nxh4 44. Bb3 Nf3+ 45. Ke4 Nd2+ 0-1


[Site "https://www.chess.com"]

[Event "Titled Tuesday Blitz April 18 Early 2023"]
[White "littlepillow2010"]
[Black "Dushyant Sharma"]
[BlackFideId "25065130"]
[WhiteElo "2409"]
[BlackElo "2198"]
[Result "0-1"]
[Round "11"]
[TimeControl "180+2"]
[Date "2023.04.18"]
[WhiteClock "0:00:03"]
[BlackClock "0:00:46"]

1. e4 d5 2. exd5 Nf6 3. d4 Bg4 4. Nf3 Qxd5 5. Be2 Nc6 6. c3 O-O-O 7. h3 Bh5 8. O-O e6 9. Ng5 Bxe2 10. Qxe2 e5 11. dxe5 Nxe5 12. Be3 h6 13. Nf3 Nxf3+ 14. Qxf3 Qxf3 15. gxf3 Nd5 16. Rd1 Be7 17. Nd2 Rhe8 18. Nb3 Bg5 19. Bxg5 hxg5 20. Re1 Nf4 21. Rxe8 Rxe8 22. h4 gxh4 23. Rd1 g5 24. Rd2 f5 25. Nd4 Re5 26. Nc2 g4 27. fxg4 fxg4 28. Ne3 g3 29. Rd4 Ne2+ 0-1


[Site "https://www.chess.com"]

[Event "Titled Tuesday Blitz April 18 Early 2023"]
[White "koncheto"]
[Black "Marcziter, Dmitrii"]
[BlackFideId "13900765"]
[WhiteElo "2536"]
[BlackElo "2162"]
[Result "1-0"]
[Round "11"]
[TimeControl "180+2"]
[Date "2023.04.18"]
[WhiteClock "0:01:49"]
[BlackClock "0:00:51"]

1. e4 c5 2. Nf3 a6 3. c4 e6 4. d4 cxd4 5. Nxd4 Nf6 6. Nc3 Qc7 7. Be2 Bb4 8. Qd3 d6 9. O-O Nbd7 10. Nc2 Bxc3 11. Qxc3 O-O 12. f3 d5 13. exd5 exd5 14. Bg5 h6 15. Bh4 dxc4 16. Bxc4 Qc6 17. Rad1 Nb6 18. Bxf6 Qxf6 19. Qxf6 gxf6 20. Bb3 Bf5 21. Rd6 Rac8 22. Ne3 Be6 23. Rxb6 Bxb3 24. Rxb3 b5 25. Nd5 Kg7 26. Rc3 Rcd8 27. Rd1 Rfe8 28. Kf2 Rd6 29. Nc7 Red8 30. Rxd6 Rxd6 31. Ne8+ 1-0


[Site "https://www.chess.com"]

[Event "Titled Tuesday Blitz April 18 Early 2023"]
[White "Leve, Nitai"]
[Black "Ronka, Erik"]
[WhiteFideId "2006898"]
[BlackFideId "505080"]
[WhiteElo "2144"]
[BlackElo "2264"]
[Result "1-0"]
[Round "11"]
[TimeControl "180+2"]
[Date "2023.04.18"]
[WhiteClock "0:00:14"]
[BlackClock "0:00:15"]

1. e4 a6 2. Nf3 c5 3. d4 cxd4 4. Nxd4 Nf6 5. Nc3 e5 6. Nb3 Bb4 7. Bc4 Qc7 8. Qe2 b5 9. Bd5 Nxd5 10. exd5 Bxc3+ 11. bxc3 O-O 12. O-O d6 13. a4 bxa4 14. Rxa4 Bd7 15. Rh4 Bf5 16. f4 exf4 17. Bxf4 Bg6 18. Nd4 Nd7 19. Nc6 Rfe8 20. Qf3 Nf6 21. c4 a5 22. Qg3 Ne4 23. Qa3 a4 24. c5 Qa7 25. Nxa7 Rxa7 26. cxd6 h6 27. Be3 Ra6 28. d7 Rd8 29. Qe7 Raa8 30. Rxe4 Bxe4 31. Qxe4 a3 32. Bd4 Rxd7 33. Qe5 f5 34. Qe6+ Rf7 35. Rxf5 Rf8 36. Rxf7 Rxf7 37. d6 a2 38. d7 Kh7 39. Qxf7 h5 40. Ba1 Kh6 41. Qxg7# 1-0


[Site "https://www.chess.com"]

[Event "Titled Tuesday Blitz April 18 Early 2023"]
[White "Milchev, Nikolay"]
[Black "Smiechu"]
[WhiteFideId "2906090"]
[WhiteElo "2449"]
[BlackElo "2373"]
[Result "1-0"]
[Round "11"]
[TimeControl "180+2"]
[Date "2023.04.18"]
[WhiteClock "0:00:25"]
[BlackClock "0:00:06"]

1. Nf3 Nf6 2. c4 c5 3. Nc3 Nc6 4. g3 g6 5. Bg2 Bg7 6. O-O O-O 7. Ne1 d6 8. Nc2 Be6 9. Nd5 Qd7 10. Re1 Bh3 11. Bh1 Nxd5 12. cxd5 Nd4 13. Nxd4 Bxd4 14. e3 Bg7 15. d3 b5 16. Rb1 Rfc8 17. b3 c4 18. dxc4 bxc4 19. bxc4 Rxc4 20. Bb2 Rac8 21. Bxg7 Kxg7 22. Rb2 Qc7 23. Bg2 Bxg2 24. Kxg2 Rc2 25. Qd4+ Kg8 26. Reb1 Rxb2 27. Rxb2 Qc5 28. Qe4 Qc7 29. h4 h5 30. Rb4 a5 31. Rb5 Ra8 32. a4 Kf8 33. Qd4 Kg8 34. e4 Rc8 35. Qe3 Kg7 36. Qe1 Ra8 37. Qa1+ Kg8 38. Qd4 Rc8 39. Qe3 Kg7 40. Qg5 Kf8 41. Qd2 Ra8 42. Qb2 Kg8 43. Rb7 Qd8 44. Qb5 Kg7 45. Rd7 Qe8 46. Qb2+ Kg8 47. Qb7 Rb8 48. Rxe7 Rxb7 49. Rxe8+ Kg7 50. Ra8 Rb4 51. Rxa5 Rxe4 52. Ra6 Rd4 53. Rxd6 Rxa4 54. Kf3 Kf8 55. Ke3 Ke7 56. Rc6 Kd7 57. Rb6 Ke7 58. Rb7+ Kf6 59. d6 Ke6 60. Re7+ Kxd6 61. Rxf7 Ke5 62. Kf3 Ra3+ 63. Kg2 Ke6 64. Rf4 Ke5 65. Kf1 Ra2 66. Kg2 Ra3 67. Rf8 Ke6 68. f3 Ra2+ 69. Kh3 Ra1 70. g4 Rh1+ 71. Kg3 Rg1+ 72. Kh2 Rf1 73. g5 Ke7 74. Rf6 Rf2+ 75. Kg3 1-0


[Site "https://www.chess.com"]

[Event "Titled Tuesday Blitz April 18 Early 2023"]
[White "Camacho Collados, Jose"]
[Black "Rodriguez Santiago, Jaime"]
[WhiteFideId "2265427"]
[BlackFideId "3100898"]
[WhiteElo "2198"]
[BlackElo "2025"]
[Result "1-0"]
[Round "11"]
[TimeControl "180+2"]
[Date "2023.04.18"]
[WhiteClock "0:00:20"]
[BlackClock "0:00:04"]

1. d4 Nf6 2. c4 e6 3. Nc3 d5 4. Bg5 c6 5. e3 Nbd7 6. Nf3 Qa5 7. cxd5 exd5 8. Bd3 Bb4 9. Qc2 h6 10. Bh4 O-O 11. O-O Re8 12. a3 Bd6 13. b4 Qc7 14. Rfc1 Qb8 15. Bg3 Bxg3 16. hxg3 a6 17. a4 b5 18. a5 Nf8 19. Ne5 Qd6 20. Na2 Bb7 21. Qc5 Qc7 22. Nxc6 Ne6 23. Qb6 Qxb6 24. axb6 Nd7 25. Na5 Reb8 26. Nc3 Nxb6 27. Nxb7 Rxb7 28. Nxb5 Nc4 29. Bxc4 dxc4 30. Nd6 Rxb4 31. Rxc4 Rb2 32. Rca4 Rab8 33. Rxa6 Ng5 34. Ra8 Rxa8 35. Rxa8+ Kh7 36. Ra1 Kg6 37. Rd1 f6 38. Nc4 Rc2 39. Nd2 h5 40. Kf1 h4 41. gxh4 Ne6 42. f3 Kh5 43. g3 g5 44. hxg5 Nxg5 45. Ke2 f5 46. Kd3 Ra2 47. Rh1+ Kg6 48. Rh8 Kg7 49. Rb8 Kf6 50. Rb6+ Ke7 51. Rb5 Kf6 52. Rb6+ Ke7 53. g4 fxg4 54. fxg4 Ne6 55. Nc4 Rh2 56. e4 Rg2 57. Rb7+ Kd8 58. Ne5 Rg3+ 59. Kc4 Nc7 60. d5 Re3 61. Kd4 Re1 62. g5 Rd1+ 63. Nd3 Rg1 64. Nf4 Rg4 65. Ke5 Rxg5+ 66. Kd6 Rg6+ 67. Ne6+ Nxe6 68. dxe6 Kc8 69. Rc7+ Kd8 70. Ra7 Kc8 71. Ra8+ Kb7 72. Re8 Rg4 73. Ke5 Rg3 74. e7 Rg2 75. Rd8 Rg1 76. e8=Q Rg3 77. Qb5+ Kc7 78. Rd7+ Kc8 79. Qb7# 1-0


[Site "https://www.chess.com"]

[Event "Titled Tuesday Blitz April 18 Early 2023"]
[White "Zaichenko, Daria"]
[Black "Mouhamad, Joachim"]
[WhiteFideId "4197453"]
[BlackFideId "656410"]
[WhiteElo "2039"]
[BlackElo "2125"]
[Result "0-1"]
[Round "11"]
[TimeControl "180+2"]
[Date "2023.04.18"]
[WhiteClock "0:00:02"]
[BlackClock "0:00:07"]

1. e4 c5 2. Nf3 Nc6 3. d4 cxd4 4. Nxd4 Nf6 5. Nc3 d6 6. Be3 Ng4 7. Bc1 Qb6 8. Nce2 g6 9. h3 Nf6 10. f3 Bg7 11. Nxc6 bxc6 12. Qd4 O-O 13. c3 c5 14. Qa4 Bd7 15. Qc2 Rab8 16. g3 e5 17. c4 Nh5 18. Bg2 f5 19. O-O fxe4 20. fxe4 Rxf1+ 21. Bxf1 Be6 22. b3 Rf8 23. Bg2 Qb7 24. Be3 a5 25. Nc3 Nxg3 26. Kh2 Nh5 27. Nb5 Qe7 28. Rf1 Nf4 29. Rf3 g5 30. Qd2 h5 31. Qxd6 Qf6 32. Bxc5 g4 33. Rg3 h4 34. Rxg4 Bxg4 35. Qxf6 Rxf6 36. hxg4 Ne6 37. Be7 Rf2 38. Bxh4 Rxa2 39. Kg3 Nf4 40. Bf3 Rb2 41. c5 Rxb3 42. Nd6 Rc3 43. Nb7 a4 44. Bg5 Ne2+ 45. Kf2 Nd4 46. Bd1 a3 0-1


[Site "https://www.chess.com"]

[Event "Titled Tuesday Blitz April 18 Early 2023"]
[White "Womacka, Mathias"]
[Black "Itkis, Boris"]
[WhiteFideId "4611390"]
[BlackFideId "1209167"]
[WhiteElo "2377"]
[BlackElo "2216"]
[Result "1-0"]
[Round "11"]
[TimeControl "180+2"]
[Date "2023.04.18"]
[WhiteClock "0:01:05"]
[BlackClock "0:00:39"]

1. e4 c5 2. Nf3 Nc6 3. d4 cxd4 4. Nxd4 g6 5. c4 Bg7 6. Be3 Nf6 7. Nc3 O-O 8. Be2 d6 9. O-O Bd7 10. Qd2 Rc8 11. Rac1 a6 12. f3 Nxd4 13. Bxd4 Bc6 14. b4 Ne8 15. Be3 Nc7 16. Rfd1 Qe8 17. Nd5 Nxd5 18. exd5 Bd7 19. c5 Bb5 20. Bg5 h6 21. Bxb5 Qxb5 22. Bxe7 Qxb4 23. Qxb4 1-0


[Site "https://www.chess.com"]

[Event "Titled Tuesday Blitz April 18 Early 2023"]
[White "Derichs, Roger"]
[Black "Wisniacki, Flavio"]
[WhiteFideId "4630076"]
[BlackFideId "119229"]
[WhiteElo "2327"]
[BlackElo "2150"]
[Result "0-1"]
[Round "11"]
[TimeControl "180+2"]
[Date "2023.04.18"]
[WhiteClock "0:00:02"]
[BlackClock "0:00:01"]

1. d4 Nf6 2. c4 e6 3. g3 d5 4. Nf3 Be7 5. Bg2 c6 6. O-O O-O 7. Qc2 b6 8. Nbd2 Bb7 9. e4 Na6 10. a3 Rc8 11. e5 Nd7 12. b4 c5 13. dxc5 bxc5 14. b5 Nc7 15. a4 dxc4 16. Nxc4 Nd5 17. Rd1 N7b6 18. Bb2 Qc7 19. h4 Rfd8 20. Rac1 Nb4 21. Qb3 Bd5 22. Nfd2 Qb7 23. Bxd5 exd5 24. Na5 Qd7 25. Ba3 c4 26. Qf3 Nd3 27. Bxe7 Qxe7 28. Nc6 Rxc6 29. bxc6 Nxc1 30. Rxc1 Qc5 31. a5 Na4 32. Qg4 Qxc6 33. Nf3 Qe6 34. Qd4 Re8 35. Qxa7 Nb2 36. Ra1 Qf5 37. Qe3 Nd3 38. a6 Ra8 39. a7 c3 40. Qb6 Qc8 41. Nd4 h6 42. e6 fxe6 43. Nxe6 c2 44. Kg2 c1=Q 45. Rxc1 Nxc1 46. Qd6 Nd3 47. Qxd5 Kh8 0-1


[Site "https://www.chess.com"]

[Event "Titled Tuesday Blitz April 18 Early 2023"]
[White "Manukian, Artak"]
[Black "Prieto Aranguren, Alain"]
[WhiteFideId "13301373"]
[BlackFideId "2268906"]
[WhiteElo "2130"]
[BlackElo "2209"]
[Result "1-0"]
[Round "11"]
[TimeControl "180+2"]
[Date "2023.04.18"]
[WhiteClock "0:01:11"]
[BlackClock "0:00:58"]

1. e4 c6 2. d4 d5 3. e5 Bf5 4. c4 e6 5. Nc3 Bb4 6. Qb3 Qa5 7. Bd2 Ne7 8. a3 Bxc3 9. Bxc3 Qb6 10. Qa2 dxc4 11. Bxc4 Nd5 12. Ne2 O-O 13. O-O Rd8 14. Rfd1 Na6 15. Be1 Rac8 16. b4 Nac7 17. Rac1 Nb5 18. a4 Nxd4 19. Rxd4 Nxb4 20. Rxd8+ Rxd8 21. Qb3 a5 22. Ng3 Bg6 23. h4 h5 24. Be2 Rd4 25. Rc4 Rxc4 26. Qxc4 Bc2 27. Bxb4 Qxb4 28. Qxc2 Qe1+ 29. Bf1 b5 30. Qxc6 b4 31. Qe8+ Kh7 32. Qxf7 Qxe5 33. Qxh5+ Qxh5 34. Nxh5 b3 35. Bd3+ Kh6 36. Nf4 e5 37. Ne6 Kh5 38. g3 Kg4 39. Kg2 g5 40. hxg5 Kh5 41. g6 Kh6 42. g7 b2 43. g8=Q e4 44. Bxe4 b1=Q 45. Qg6# 1-0


[Site "https://www.chess.com"]

[Event "Titled Tuesday Blitz April 18 Early 2023"]
[White "hsd2016"]
[Black "Melikhov, Evgeny V."]
[BlackFideId "4122046"]
[WhiteElo "2205"]
[BlackElo "2158"]
[Result "1-0"]
[Round "11"]
[TimeControl "180+2"]
[Date "2023.04.18"]
[WhiteClock "0:00:35"]
[BlackClock "0:00:03"]

1. e4 c5 2. Nf3 d6 3. d4 cxd4 4. Nxd4 Nf6 5. Nc3 a6 6. h3 e6 7. Be3 b5 8. a3 Bb7 9. f3 Nh5 10. Bf2 Qg5 11. h4 Qf4 12. Nde2 Qf6 13. g4 Qxf3 14. Rg1 Nf6 15. Rg3 Qh1 16. Rh3 Nxe4 17. Rxh1 Nxf2 18. Kxf2 Bxh1 19. Bg2 Bxg2 20. Kxg2 Be7 21. h5 h6 22. Qd3 O-O 23. Re1 Nd7 24. Ne4 Ne5 25. Qg3 Rac8 26. c3 Rc4 27. Nd4 Rb8 28. Nd2 Rcc8 29. Rxe5 dxe5 30. Qxe5 Rb6 31. N2f3 Bf6 32. Qe3 Rd6 33. Ne5 Rd5 34. Nef3 a5 35. Qe4 Rd7 36. Nxb5 Rd1 37. Nbd4 Rd8 38. Qb7 Rb1 39. Qb6 Rd5 40. Nxe6 1-0


[Site "https://www.chess.com"]

[Event "Titled Tuesday Blitz April 18 Early 2023"]
[White "Iskusnyh, Sergei"]
[Black "Petrova, Irina"]
[WhiteFideId "4120027"]
[BlackFideId "14124122"]
[WhiteElo "2492"]
[BlackElo "2084"]
[Result "0-1"]
[Round "11"]
[TimeControl "180+2"]
[Date "2023.04.18"]
[WhiteClock "0:00:04"]
[BlackClock "0:00:48"]

1. d4 d6 2. Nf3 g6 3. c4 Bg7 4. g3 Nf6 5. Bg2 O-O 6. Nc3 Nc6 7. d5 Na5 8. b3 c5 9. Bb2 Ne4 10. Qc1 Nxc3 11. Bxc3 e5 12. dxe6 Bxe6 13. O-O Nc6 14. Rd1 Qe7 15. Bxg7 Kxg7 16. Qc3+ Kg8 17. Rd2 Rad8 18. Rad1 Bg4 19. Qb2 Bxf3 20. Bxf3 Nd4 21. Bg2 Rfe8 22. e3 Nc6 23. Bxc6 bxc6 24. Rd3 Rd7 25. Qd2 Red8 26. Qc3 d5 27. Qa5 dxc4 28. Rxd7 Rxd7 29. Rxd7 Qxd7 30. bxc4 Qd3 31. Qxc5 Qb1+ 32. Kg2 Qe4+ 33. f3 Qc2+ 34. Kh3 Qxa2 35. Qxc6 Qe2 36. Qa8+ Kg7 37. Qxa7 Qf1+ 38. Kg4 h5+ 39. Kf4 Kg8 40. Qb8+ Kh7 41. Qc7 Kg8 42. h4 Qd3 43. Qb8+ Kh7 44. Qc7 Qf5# 0-1


[Site "https://www.chess.com"]

[Event "Titled Tuesday Blitz April 18 Early 2023"]
[White "Horak, Martin"]
[Black "LeoLV10"]
[WhiteFideId "367095"]
[WhiteElo "2091"]
[BlackElo "2382"]
[Result "0-1"]
[Round "11"]
[TimeControl "180+2"]
[Date "2023.04.18"]
[WhiteClock "0:00:01"]
[BlackClock "0:01:06"]

1. e4 c6 2. Ne2 d5 3. e5 c5 4. d4 Nc6 5. c3 e6 6. Be3 Qb6 7. Qd2 Nh6 8. Bxh6 gxh6 9. g3 Bd7 10. Bg2 cxd4 11. cxd4 Na5 12. b3 Bb5 13. Nf4 Nc6 14. Bxd5 O-O-O 15. Bxc6 Bxc6 16. O-O Rxd4 17. Qc2 Rxf4 18. Nd2 Rd4 19. Nc4 Qc7 20. Rad1 Rxd1 21. Rxd1 Be7 22. Rd4 Rd8 23. Rxd8+ Qxd8 24. Ne3 Qd4 25. Qxh7 Qa1+ 26. Nf1 Bb5 0-1


[Site "https://www.chess.com"]

[Event "Titled Tuesday Blitz April 18 Early 2023"]
[White "Sowul, Bartosz"]
[Black "KorolDimitriy75"]
[WhiteFideId "1137590"]
[WhiteElo "2188"]
[BlackElo "2378"]
[Result "0-1"]
[Round "11"]
[TimeControl "180+2"]
[Date "2023.04.18"]
[WhiteClock "0:00:12"]
[BlackClock "0:00:02"]

1. Nf3 c5 2. c4 g6 3. g3 Bg7 4. Bg2 Nc6 5. Nc3 Nh6 6. b3 Nf5 7. Bb2 d6 8. O-O a6 9. e3 O-O 10. Rb1 Rb8 11. Ne2 e5 12. d4 exd4 13. exd4 Re8 14. dxc5 dxc5 15. Bxg7 Qxd1 16. Rbxd1 Kxg7 17. Rfe1 b6 18. g4 Nfe7 19. Bh3 Bb7 20. Bg2 Rbd8 21. Ne5 Nxe5 22. Bxb7 Nxg4 23. Bxa6 Nf5 24. Rxd8 Rxd8 25. Nf4 Nh4 26. Bb7 Rd2 27. h3 Nxf2 28. Re2 Rxe2 29. Nxe2 Nxh3+ 30. Kh2 Ng5 31. Nf4 Nhf3+ 32. Kg3 Nd4 33. Nd5 h5 34. Nxb6 f5 35. Nd7 Nge6 36. Bd5 f4+ 37. Kf2 g5 38. Bxe6 Nxe6 39. a4 Nd4 40. Nxc5 g4 41. a5 g3+ 42. Kg2 h4 43. a6 f3+ 44. Kh3 g2 45. Kh2 Ne2 46. Ne6+ Kf6 47. Nf4 g1=Q+ 48. Kh3 Qh1+ 49. Kg4 Qg2+ 50. Kh5 Nxf4+ 51. Kh6 Qg6# 0-1


[Site "https://www.chess.com"]

[Event "Titled Tuesday Blitz April 18 Early 2023"]
[White "Belov, Alexei"]
[Black "Gonzalez Zamora, Juan Carlos"]
[WhiteFideId "4128206"]
[BlackFideId "3507548"]
[WhiteElo "2469"]
[BlackElo "2535"]
[Result "0-1"]
[Round "11"]
[TimeControl "180+2"]
[Date "2023.04.18"]
[WhiteClock "0:00:17"]
[BlackClock "0:00:23"]

1. e4 d6 2. d4 Nf6 3. Nc3 g6 4. f4 Bg7 5. Nf3 O-O 6. Be3 Ng4 7. Bg1 e6 8. Qd2 a6 9. h3 Nf6 10. O-O-O b5 11. e5 b4 12. Ne2 Nd5 13. g4 Bb7 14. Bg2 Nd7 15. Ng3 c5 16. exd6 c4 17. c3 Qa5 18. Ne5 Qxa2 19. Qc2 Nxe5 20. dxe5 Rab8 21. Bc5 b3 22. Qb1 Nxc3 23. bxc3 Qxg2 24. Rhg1 Qc6 25. Ba3 Qf3 26. Qb2 Qxf4+ 27. Kb1 Qxe5 28. d7 Rfd8 29. Bd6 Be4+ 30. Nxe4 Qxe4+ 31. Ka1 Rb5 32. Bb4 Rxb4 0-1


[Site "https://www.chess.com"]

[Event "Titled Tuesday Blitz April 18 Early 2023"]
[White "Szente Varga, Fruzsina"]
[Black "Rom, Jasper"]
[WhiteFideId "712264"]
[BlackFideId "2023733"]
[WhiteElo "1994"]
[BlackElo "2233"]
[Result "1/2-1/2"]
[Round "11"]
[TimeControl "180+2"]
[Date "2023.04.18"]
[WhiteClock "0:00:06"]
[BlackClock "0:00:06"]

1. e4 e6 2. d4 d5 3. Nd2 Be7 4. c3 c5 5. e5 Nc6 6. f4 cxd4 7. cxd4 Nxd4 8. Ngf3 Nc6 9. Bd3 Nh6 10. O-O Ng4 11. Qe2 Qb6+ 12. Kh1 Qe3 13. Nb3 Qxe2 14. Bxe2 O-O 15. h3 Nh6 16. g4 Bd7 17. Bd2 Rac8 18. Rg1 f6 19. exf6 gxf6 20. f5 Nf7 21. fxe6 Bxe6 22. Rae1 Nce5 23. g5 Kh8 24. Nfd4 Bxh3 25. Bh5 Bd6 26. gxf6 Rg8 27. Bxf7 Nxf7 28. Ne6 Rxg1+ 29. Kxg1 Rg8+ 30. Kh1 Bg2+ 31. Kg1 Be4+ 32. Kf1 Bd3+ 33. Kf2 Bg3+ 34. Ke3 Bxe1 35. Bxe1 Re8 36. Nd4 Bf5 37. Nxf5 Rxe6+ 38. Kd4 Rxf6 39. Ne3 Re6 40. Bc3 Re4+ 41. Kxd5+ Kg8 42. Kxe4 Kf8 43. Kf5 Ke7 44. Ng4 Nd6+ 45. Kg5 Ne4+ 46. Kh6 Nxc3 47. bxc3 Kd6 48. Ne3 Ke5 49. Kxh7 Ke4 50. Nd1 Kd3 51. Kg6 Kc2 52. Ne3+ Kxc3 53. Kf5 Kb2 54. a4 Kb3 55. a5 Kb4 56. a6 bxa6 57. Ke4 a5 58. Kd3 Kb3 59. Nc4 a4 60. Nd2+ Kb2 61. Nc4+ Kb3 62. Nd2+ Kb2 63. Nc4+ Kb3 1/2-1/2


[Site "https://www.chess.com"]